 Dungeon Crawl Stone Soup version 0.14-a0-2374-ge879b5e (webtiles) character file.

58 Econoterrorist the Sneak (level 3, -3/16 HPs)
             Began as a Spriggan Enchanter on Feb 1, 2014.
             Killed from afar by Sigmund (10 damage)
             ... with a puff of flame
             ... on Level 2 of the Dungeon.
             The game lasted 00:04:52 (1858 turns).

Econoterrorist the Sneak (Spriggan Enchanter)       Turns: 1858, Time: 00:04:53

HP  -3/16        AC  3     Str  5      XL: 3   Next: 75%
MP   7/9         EV 18     Int 16      God:
Gold 0           SH  0     Dex 16      Spells:  3 memorised,  1 level left

rFire  . . .     SeeInvis +     a - +1 dagger
rCold  + . .     Clarity  .     b - +1 robe
rNeg   . . .     Conserve .     (shield restricted)
rPois  .         rCorr    .     (helmet restricted)
rElec  .         rRot     .     (no cloak)
SustAb . .       Spirit   .     (gloves unavailable)
rMut   .         Warding  .     (boots unavailable)
Saprov . . .     Stasis   .     (no amulet)
MR     .....                    (no ring)
                                f - ring of protection from cold {unknown}

@: very slightly contaminated, very quick, not resistant to hostile
enchantments, very stealthy
A: unfitting armour, see invisible, herbivore 3, speed 3, slow metabolism 2
a: no special abilities


You were on level 2 of the Dungeon.
You were not hungry.

You visited 1 branch of the dungeon, and saw 2 of its levels.

Inventory:

Hand weapons
 a - a +1,+1 dagger (weapon)
Missiles
 d - 12 darts (quivered)
Armour
 b - a +1 robe (worn)
Comestibles
 o - a bread ration
 p - a cheese
Scrolls
 i - a scroll of teleportation {unknown}
 j - a scroll of remove curse {unknown}
 l - a scroll of identify {unknown}
 m - a scroll of recharging {unknown}
Jewellery
 f - a ring of protection from cold (left hand) {unknown}
Potions
 e - a potion of porridge
 g - 3 potions of might {unknown}
 h - a potion of restore abilities {unknown}
 k - a potion of speed {unknown}
 n - a potion of curing {unknown}
Books
 c - a book of Maledictions

   Spells                             Type                      Level
   *Corona                            Hexes                        1
   Sure Blade                         Hexes/Charms                 2
   *Ensorcelled Hibernation           Hexes/Ice                    2
   *Confuse                           Hexes                        3
   Enslavement                        Hexes                        4
   Invisibility                       Hexes                        6


   Skills:
 - Level 1.1 Short Blades
 - Level 1.1 Throwing
 - Level 3.0 Dodging
 + Level 6.5 Stealth
 - Level 2.6 Spellcasting
 - Level 3.6 Hexes


You had one spell level left.
You knew the following spells:

 Your Spells              Type           Power        Failure   Level  Hunger
a - Corona                Hex            ##.....      6%          1    #......
b - Ensorcelled Hibernat  Hex/Ice        #.....       17%         2    ##.....
c - Confuse               Hex            ##......     14%         3    ###....


Dungeon Overview and Level Annotations

Branches:
Dungeon (2/16)

Altars:
Fedhas
Nemelex Xobeh
Zin

Annotations:
D:2 Sigmund


Innate Abilities, Weirdness & Mutations

You are tiny and cannot use many weapons and most armour.
You have supernaturally acute eyesight.
You are a herbivore.
You cover ground extremely quickly.
You need consume almost no food.


Message History

Sigmund comes into view.
He is wielding a scythe.
Sigmund shouts!
Sigmund casts a spell at you. The magic dart hits you!
Ouch! That really hurt!
There is an open door here.
You close the door.
Sigmund opens the door.
Casting: Ensorcelled Hibernation
Confirm with . or Enter, or press ? or * to list all spells.
Aiming: Ensorcelled Hibernation
Press: ? - help, Shift-Dir - straight line, f - Sigmund
Aim: Sigmund, wielding a scythe and wearing a robe You miscast Ensorcelled Hibernation.
You are very lightly contaminated with residual magic.
Nothing appears to happen.
Sigmund casts a spell at you. The puff of flame hits you!
Ouch! That really hurt!
You die...

###########
################.........#####
..............@'@........'...####
#.....##########.........#####.%#
#.....# #.........#####...
......# #......[.##..##.##
....!.# ####........#.....##.
.@....+ ..######..........#..
......# #####.# #....##....#..
S.....# #..<#.# #....%#...##..
...#### #.###.# #####%#####...


You could see Sigmund.

Vanquished Creatures
  A giant mite (D:2)
  A grey rat (D:2)
  A giant gecko (D:1)
  A giant cockroach (D:1)
  4 hobgoblins (D:1)
  6 jackals (D:2)
  3 kobolds
  3 bats (D:1)
  6 goblins
  25 rats
51 creatures vanquished.

Notes
Turn   | Place    | Note
--------------------------------------------------------------
     0 | D:1      | Econoterrorist, the Spriggan Enchanter, began the quest for the Orb.
     0 | D:1      | Reached XP level 1. HP: 9/9 MP: 4/4
   239 | D:1      | Reached skill level 4 in Stealth
   277 | D:1      | Found a sparkling altar of Nemelex Xobeh.
   349 | D:1      | Reached XP level 2. HP: 13/13 MP: 7/7
   354 | D:1      | Learned a level 2 spell: Ensorcelled Hibernation
   882 | D:1      | Reached skill level 5 in Stealth
  1254 | D:2      | Reached XP level 3. HP: 16/16 MP: 9/9
  1259 | D:2      | Learned a level 3 spell: Confuse
  1461 | D:2      | Found a blossoming altar of Fedhas.
  1476 | D:2      | Found a glowing silver altar of Zin.
  1525 | D:2      | Reached skill level 6 in Stealth
  1834 | D:2      | Noticed Sigmund
  1858 | D:2      | Killed from afar by Sigmund

Action                   || total
-------------------------++-------
Melee: Dagger            ||   125
 Cast: Ensorcelled Hiber ||     8
 Stab: Sleeping          ||    17
